 Dungeon Crawl Stone Soup version 0.30-a0-424-g7412bad402 (webtiles) character file.

Game seed: 12880499719149103945

580 AigisTheKnight the Summoner (level 7, 0/42 (44) HPs)
             Began as a Tengu Summoner on Dec 10, 2022.
             Slain by a water moccasin (3 damage)
             ... on level 5 of the Dungeon.
             The game lasted 00:12:59 (5069 turns).

AigisTheKnight the Summoner (Tengu Summoner)        Turns: 5069, Time: 00:12:59

HP:   0/42 (44)     AC:  2    Str:  9    XL:     7   Next: 36%
MP:   8/11          EV: 15    Int: 17    God:
Gold: 228           SH:  0    Dex: 14    Spells: 6/10 levels left

rFire   . . .      SeeInvis .    i - +0 mace
rCold   . . .      Faith    .    (no shield)
rNeg    . . .      Spirit   .    a - +0 robe
rPois   .          Reflect  .    (helmet restricted)
rElec   .          Harm     .    (no cloak)
rCorr   .          Rampage  .    (no gloves)
Will    .....                    (boots unavailable)
Stlth   ++........               (no amulet)
HPRegen 0.27/turn                (no ring)
MPRegen 0.12/turn                (no ring)

@: lethally poisoned (0 -> -9), flying quickly and evasively, lightly drained,
quick
A: beak, talons 3, nimble flight
a: no special abilities


You were on level 5 of the Dungeon.
You visited 1 branch of the dungeon, and saw 6 of its levels.

You collected 228 gold pieces.

Inventory:

Hand Weapons
 g - a +0 dagger
 i - a +0 mace (weapon)
Missiles
 q - 11 poisoned darts (quivered)
 t - 2 javelins
Armour
 a - a +0 robe (worn)
 h - a +0 leather armour
Jewellery
 f - a ring of fire
 s - a ring of resist corrosion
Wands
 u - a wand of polymorph (9)
Scrolls
 c - 7 scrolls of identify {unknown}
 d - a scroll of enchant armour {unknown}
 e - 3 scrolls of noise {unknown}
 n - a scroll of blinking {unknown}
 v - a scroll of teleportation {unknown}
Potions
 b - a potion of magic
 j - a potion of berserk rage {unknown}
 k - 4 potions of curing
 l - a potion of attraction {unknown}
 m - a potion of degeneration {unknown}
 o - 2 potions of haste {unknown}
 p - a potion of resistance {unknown}
 r - a potion of lignification {unknown}
 w - a potion of might {unknown}


   Skills:
 + Level 5.0 Fighting
 - Level 2.3 Dodging
 - Level 2.1 Stealth
 - Level 2.1 Spellcasting
 + Level 8.1 Summonings


You had 6 spell levels left.
You knew the following spells:

 Your Spells              Type           Power      Damage    Failure   Level
a - Summon Small Mammal   Summ           100%       N/A       1%          1
b - Call Canine Familiar  Summ           29%        N/A       1%          3

Your spell library contained the following spells:

 Spells                   Type           Power      Damage    Failure   Level
 Call Imp                 Summ           29%        N/A       1%          2
 Summon Guardian Golem    Hex/Summ       15%        N/A       11%         3
 Sandblast                Erth           2%         2d4       19%         1
 Passwall                 Tmut/Erth      0%         N/A       28%         2
 Summon Lightning Spire   Summ/Air       15%        N/A       36%         4
 Ignite Poison            Fire/Tmut/Pois 1%         N/A       50%         3
 Stone Arrow              Conj/Erth      2%         3d7       50%         3
 Sticky Flame             Conj/Fire      1%         2d3       88%         4
 Ignition                 Fire           0%         3d3       100%        8


Dungeon Overview and Level Annotations

Branches:
Dungeon (6/15)
 Temple: D:4-7

Altars:
Nemelex Xobeh

Shops:
D:3 *

Annotations:
D:6 Dowan, Duvessa


Innate Abilities, Weirdness & Mutations

You have a beak for a mouth.
You have claws for feet.
Your magical nature lets you fly swiftly and evasively.


Message History

You barely miss the water moccasin. You claw the water moccasin.
The water moccasin is moderately wounded.
Your hound bites the water moccasin.
The water moccasin bites you.
* * * LOW HITPOINT WARNING * * *
The water moccasin completely misses you.
Your hound misses the water moccasin.
Unknown command.
You closely miss the water moccasin. Your kick misses the water moccasin.
The water moccasin is heavily wounded.
Your hound barely misses the water moccasin.
The water moccasin barely misses you.
Your rat closely misses the water moccasin.
Your hound bites the water moccasin.
The water moccasin completely misses you.
You closely miss the water moccasin. Your kick misses the water moccasin.
The water moccasin is heavily wounded.
Your hound barely misses the water moccasin.
Your rat misses the water moccasin. The water moccasin barely misses you.
Your hound bites the water moccasin but does no damage.
The water moccasin barely misses you.
Your rat bites the water moccasin.
Unknown command.
You hit the water moccasin.
The water moccasin is almost dead.
Your hound bites the water moccasin.
The water moccasin barely misses you.
Your rat barely misses the water moccasin.
Your hound barely misses the water moccasin.
An arrow appears from out of your range of vision.
The arrow barely misses your hound. The water moccasin bites you.
* * * LOW HITPOINT WARNING * * *
You are lethally poisoned!
The water moccasin poisons you!
You miss the water moccasin. Your kick misses the water moccasin.
Your peck misses the water moccasin.
The water moccasin is almost dead.
* * * LOW HITPOINT WARNING * * *
You feel very sick.
Your hound closely misses the water moccasin.
An arrow appears from out of your range of vision.
The arrow misses your hound. The water moccasin bites you.
You die...

...# ############..#
######## ####
#.............#
#.###########.# #.# #)#
#.# #####.##### #.#
#.........# #.#
#.###.###.# ###### #.# #.#
#.# #.#
.....###)#######@###.#
#.########
####..[........rSh...#
#......[..
#####...#####.###.#
#.########
########...#####># #.# #.#
.................###.###.#
########...####.......)..#
#.........##...........#
#.####....##..####.#####
#.# #.............#


You could see a water moccasin (ally target), a friendly hound (summoned) and a
friendly rat (summoned).

Vanquished Creatures
  A phantom (D:2)
  A scorpion (D:4)
  A hound (D:4)
  An iguana (D:5)
  2 adders
  A worm (D:1)
  An orc (D:5)
  3 endoplasms
  4 giant cockroaches
  4 goblins
  5 hobgoblins
  A quokka (D:4)
  3 ball pythons
  4 bats
  3 kobolds
35 creatures vanquished.

Vanquished Creatures (collateral kills)
  A black bear (D:5)
  A necrophage (D:4)
  An iguana (D:3)
  An orc wizard (D:5)
  3 gnolls (D:5)
  5 adders
  3 worms
  3 dart slugs
  8 orcs (D:5)
  4 ball pythons
  An endoplasm (D:3)
  2 goblins
  A hobgoblin (D:1)
  3 jackals (D:3)
  2 kobolds (D:2)
  A quokka (D:1)
  4 bats (D:1)
  2 frilled lizards (D:1)
  2 rats (D:1)
48 creatures vanquished.

Grand Total: 83 creatures vanquished

Notes
Turn   | Place    | Note
-------+----------+-------------------------------------------
     0 | D:1      | AigisTheKnight the Tengu Summoner began the quest for the
                  | Orb.
     0 | D:1      | Reached XP level 1. HP: 10/10 MP: 4/4
   216 | D:1      | Reached skill level 5 in Summonings
   216 | D:1      | Reached XP level 2. HP: 15/15 MP: 3/6
   397 | D:1      | Reached skill level 1 in Fighting
   550 | D:1      | Reached XP level 3. HP: 20/20 MP: 4/7
   554 | D:1      | Learned a level 3 spell: Call Canine Familiar
  1337 | D:2      | Reached XP level 4. HP: 22/26 MP: 4/8
  1385 | D:2      | Noticed a phantom
  1498 | D:2      | You fall into a shaft and drop 2 floors!
  1626 | D:3      | Found Xoer's Assorted Antiques.
  2478 | D:2      | Killed a phantom
  2479 | D:2      | Reached skill level 6 in Summonings
  2479 | D:2      | Gained mutation: Your magical nature lets you fly swiftly
                  | and evasively. [Tengu growth]
  2479 | D:2      | Reached XP level 5. HP: 12/32 MP: 4/9
  3297 | D:4      | Reached skill level 7 in Summonings
  3297 | D:4      | Reached XP level 6. HP: 21/38 MP: 8/10
  3820 | D:5      | Entered Level 5 of the Dungeon
  3832 | D:5      | Found a sparkling altar of Nemelex Xobeh.
  3989 | D:5      | Noticed a black bear
  4003 | D:5      | Killed a black bear
  4222 | D:5      | Reached XP level 7. HP: 44/44 MP: 9/11
  4400 | D:6      | Noticed Duvessa
  4400 | D:6      | Noticed Dowan
  4438 | D:4      | HP: 2/44 [scorpion (5)]
  4456 | D:4      | Reached skill level 5 in Fighting
  4456 | D:4      | Reached skill level 8 in Summonings
  5069 | D:5      | Slain by a water moccasin

Illustrated notes

Levels and vault maps discovered:
D:1:      tarquinn_simple_flora_water_f, layout_basic, serial_forest,
          infiniplex_forest_diagonal, infiniplex_forest_end_2,
          infiniplex_forest_end_double, infiniplex_forest_straight_2,
          infiniplex_forest_lined_ring, infiniplex_forest_lined_room_,
          nicolae_wormholes
D:2:      layout_rooms
D:3:      wander_river, layout_loops_ring, serial_shops, shop_fountains
D:4:      layout_basic
D:5:      layout_loops_ring, mainiacjoe_overflow_tiny_flanked
D:6:      layout_basic, minmay_crossroads, uniq_duvessa

Skill      XL: |  1  2  3  4  5  6  7 |
---------------+----------------------+-----
Summonings     | 5 6 7 8 |  8.1
Fighting       | 1 2 3 4 5 |  5.0
Dodging        | |  2.3
Stealth        | |  2.1
Spellcasting   | |  2.1

Action                   |  1- 3 |  4- 6 |  7- 9 || total
-------------------------+-------+-------+-------++-------
Melee: Unarmed           |     5 |       |       ||     5
       Kick              |    14 |    12 |     3 ||    29
       Dagger            |    17 |       |       ||    17
       Peck              |     6 |    11 |     4 ||    21
       Punch             |     2 |       |       ||     2
       Mace              |    30 |    73 |    13 ||   116
Throw: Dart              |       |     4 |     3 ||     7
       Javelin           |       |     2 |       ||     2
 Cast: Summon Small Mamm |    57 |    58 |    11 ||   126
       Call Canine Famil |       |    15 |    11 ||    26
  Use: Potion            |       |       |     1 ||     1
 Stab: Sleeping          |     1 |     2 |       ||     3
       Distracted        |       |     1 |       ||     1
Armor: Robe              |    14 |    23 |       ||    37
Dodge: Dodged            |    56 |    93 |    32 ||   181

Table legend: (Time is in decaauts)
 A = Elapsed time spent in this place.
 B = Non-inter-level travel time spent in this place.
 C = Inter-level travel time spent in this place.
 D = Time resting spent in this place.
 E = Time spent auto-exploring this place.
 F = Levels seen in this place.
 G = Mean time per level.
                   A        B        C        D        E       F      G
               +--------+--------+--------+--------+--------+-----+--------+
         Total |   5001 |   4803 |    198 |    677 |   2964 |   6 |  833.5 |
       Dungeon |   5001 |   4803 |    198 |    677 |   2964 |   6 |  833.5 |
               +--------+--------+--------+--------+--------+-----+--------+

Top non-repeatable levels by time:
     D:4: 1221 daAuts
     D:1: 1102 daAuts
     D:5: 938 daAuts
     D:3: 925 daAuts
     D:2: 809 daAuts
     D:6: 4 daAuts
